St.Louis Blues vs Los Angeles Kings
Created - Tuesday, March 11, 2025 at 08:50
Goals
|
| St.Louis Blues |
0 |
2 |
0 |
2 |
| Los Angeles Kings |
0 |
1 |
0 |
1 |
|
Shots
|
| St.Louis Blues |
4 |
19 |
18 |
41 |
| Los Angeles Kings |
1 |
7 |
10 |
18 |
|
1st period
No Goal
Penalties :
No Penalty
2nd period
1. St.Louis Blues , Jack Eichel 14 (Elias Pettersson 10, Jake Guentzel 17) at 15:27
2. Los Angeles Kings , Peyton Krebs 3 (Noah Dobson 17) at 16:12
3. St.Louis Blues , Jake Guentzel 14 (Jack Eichel 17, Elias Pettersson 11) at 18:12
Penalties :
Cooper Marody (LAK) for Holding (Minor) at 3:51, Blake Wheeler (LAK) for Holding (Minor) at 18:15
3rd period
No Goal
Penalties :
Michael Eyssimont (LAK) for High sticking (Minor) at 17:27, Brandon Hagel (STL) for Roughing (Minor) at 17:32
Goalie Stats
Connor Hellebuyck (STL), 17 saves from 18 shots - (0.944), W, 11-5-3, 60:00 minutes
Andrei Vasilevskiy (LAK), 39 saves from 41 shots - (0.951), L, 3-8-2, 60:00 minutes
Players Stats for St.Louis Blues
Player Name G A P +/- PIM S H SB GA TA FO MP PP MP PK MP
------------------------------------------------------------------------------------
Alex Pietrangelo 0 0 0 1 0 1 0 4 0 1 0/0 21:28 0:00 0:05
Alex Tuch 0 0 0 0 0 0 3 0 0 0 0/0 13:53 1:24 0:00
Brandon Hagel 0 0 0 0 2 1 1 0 0 0 0/1 16:43 1:45 0:00
Brayden Point 0 0 0 0 0 5 1 0 1 0 0/0 18:12 2:14 0:00
Colton Parayko 0 0 0 1 0 1 3 1 0 0 0/0 21:49 0:00 0:00
Dakota Joshua 0 0 0 0 0 3 4 0 0 0 0/0 10:25 0:03 0:00
Elias Lindholm 0 0 0 0 0 2 1 0 0 0 0/4 13:46 1:46 0:00
Elias Pettersson 0 2 2 1 0 2 0 0 2 0 0/1 19:53 2:39 0:00
Jaccob Slavin 0 0 0 0 0 2 3 0 0 0 0/0 16:59 0:00 0:00
Jack Eichel 1 1 2 1 0 6 1 0 2 0 7/20 21:07 2:39 0:05
Jake Guentzel 1 1 2 1 0 6 1 0 1 0 0/0 20:06 2:14 0:05
Jake Sanderson 0 0 0 0 0 3 0 2 1 0 0/0 19:31 0:03 0:05
Lars Eller 0 0 0 0 0 0 0 0 0 0 0/1 8:54 0:00 0:00
Logan O'Connor 0 0 0 0 0 2 1 1 0 1 1/1 10:40 0:03 0:00
Mark Stone 0 0 0 0 0 1 0 2 0 0 0/1 14:01 1:46 0:00
Mikhail Sergachev 0 0 0 0 0 3 2 0 0 0 0/0 17:52 1:24 0:00
Nick Leddy 0 0 0 0 0 0 1 0 0 0 0/0 14:22 0:00 0:00
Robert Thomas 0 0 0 0 0 3 3 0 0 0 9/13 18:19 2:14 0:00
Players Stats for Los Angeles Kings
Player Name G A P +/- PIM S H SB GA TA FO MP PP MP PK MP
------------------------------------------------------------------------------------
Adam Fantilli 0 0 0 0 0 0 2 0 1 1 6/8 14:09 0:00 0:00
Alexander Alexeyev 0 0 0 0 0 0 2 1 0 0 0/0 15:19 0:00 0:00
Alexander Romanov 0 0 0 -1 0 0 0 0 0 0 0/0 21:06 0:00 1:58
Andrei Svechnikov 0 0 0 0 0 1 0 1 0 0 0/1 17:44 0:00 2:08
Blake Wheeler 0 0 0 -1 2 1 0 2 1 2 0/0 19:01 0:00 0:00
Cooper Marody 0 0 0 -1 2 0 1 0 0 0 2/3 11:49 0:00 0:00
Erik Brannstrom 0 0 0 -1 0 2 0 1 0 0 0/1 22:00 0:00 1:55
K'Andre Miller 0 0 0 0 0 2 0 3 0 2 0/0 21:37 0:05 2:05
Logan Cooley 0 0 0 -1 0 0 1 0 0 1 4/9 18:49 0:05 1:55
Michael Eyssimont 0 0 0 1 2 2 1 0 0 0 1/1 15:33 0:05 0:00
Michael Milne 0 0 0 1 0 2 0 0 0 0 0/0 14:58 0:00 0:00
Noah Dobson 0 1 1 0 0 2 1 2 0 0 0/0 22:01 0:05 2:05
Owen Power 0 0 0 -1 0 0 0 3 0 1 0/0 21:32 0:00 1:58
Peyton Krebs 1 0 1 1 0 5 1 0 0 0 8/12 14:25 0:00 0:00
Ryan Reaves 0 0 0 -1 0 0 1 0 0 0 0/0 6:48 0:00 0:00
Seth Jarvis 0 0 0 -1 0 1 0 2 0 0 3/6 16:58 0:00 2:08
Trent Frederic 0 0 0 0 0 0 0 1 0 0 1/1 17:02 0:05 0:00
Vitali Kravtsov 0 0 0 0 0 0 0 0 0 0 0/0 3:09 0:00 0:00
3 Stars
1 - Andrei Vasilevskiy (LAK)
2 - Jake Guentzel (STL)
3 - Jack Eichel (STL)
Power Play
St.Louis Blues - 0 on 3 Attempt(s) - 0.00%
Los Angeles Kings - 0 on 1 Attempt(s) - 0.00%
Penalty Kill
St.Louis Blues - 1 on 1 Attempt(s) - 100.00%
- Score 0 goal in Penalty Kill
Los Angeles Kings - 3 on 3 Attempt(s) - 100.00%
- Score 0 goal in Penalty Kill
Team Stat
St.Louis Blues - Hits : 25 - Faceoff Wins : 17 - Blocked Shots : 10 - Penalty Minutes : 2
Los Angeles Kings - Hits : 10 - Faceoff Wins : 25 - Blocked Shots : 16 - Penalty Minutes : 6
Official
Referees : Beaudry Halkidis and Trevor Hanson
Linesman : Libor Suchanek and Scott Cherrey
Game Notes
No Game Note
Finance
Level 1 -- Attendance: 4741 (79.02%) -- Ticket Income $474,100
Level 2 -- Attendance: 3953 (79.06%) -- Ticket Income $237,180
Level 3 -- Attendance: 2387 (79.57%) -- Ticket Income $83,545
Level 4 -- Attendance: 3690 (73.80%) -- Ticket Income $92,250
Luxury Box -- Attendance: 758 (75.80%) -- Ticket Income $151,600
Game was played at the Staples Center.
Total Attendance: 15529 (77.65%)
Total Ticket Income: $1,038,675
Other Income: $363,536
Total Income: $1,402,211
St.Louis Blues
5 vs 5 Forward
Center Left Wing Right Wing Time % Phy DF OF
1 Jack Eichel Elias Pettersson Jake Guentzel 40 0 2 3
2 Robert Thomas Brandon Hagel Brayden Point 31 0 2 3
3 Elias Lindholm Alex Tuch Mark Stone 22 0 3 2
4 Lars Eller Dakota Joshua Logan O'Connor 7 1 2 2
5 vs 5 Defense
Defense Defense Time % Phy DF OF
1 Colton Parayko Alex Pietrangelo 45 1 2 2
2 Jake Sanderson Jaccob Slavin 35 1 2 2
3 Mikhail Sergachev Nick Leddy 20 1 2 2
4 Colton Parayko Alex Pietrangelo 0 1 2 2
PowerPlay Forward
Center Left Wing Right Wing Time % Phy DF OF
1 Robert Thomas Brayden Point Jake Guentzel 60 1 0 4
2 Elias Lindholm Brandon Hagel Mark Stone 40 1 0 4
PowerPlay Defense
Defense Defense Time % Phy DF OF
1 Jack Eichel Elias Pettersson 60 0 1 4
2 Alex Tuch Mikhail Sergachev 40 0 1 4
Penalty Kill 4 Players Forward
Center Wing Time % Phy DF OF
1 Lars Eller Logan O'Connor 50 1 4 0
2 Elias Lindholm Alex Tuch 50 1 4 0
Penalty Kill 4 Players Defense
Defense Defense Time % Phy DF OF
1 Jake Sanderson Colton Parayko 50 1 4 0
2 Jaccob Slavin Nick Leddy 50 1 4 0
Penalty Kill - 3 Players Forward
Forward Time % Phy DF OF
1 Elias Lindholm 50 0 5 0
2 Lars Eller 50 0 5 0
Penalty Kill - 3 Players Defense
Defense Defense Time % Phy DF OF
1 Jake Sanderson Colton Parayko 50 0 5 0
2 Nick Leddy Alex Pietrangelo 50 0 5 0
4 vs 4 Forward
Center Wing Time % Phy DF OF
1 Jack Eichel Jake Guentzel 50 0 2 3
2 Robert Thomas Brayden Point 50 0 2 3
4 vs 4 Defense
Defense Defense Time % Phy DF OF
1 Jake Sanderson Alex Pietrangelo 50 0 3 2
2 Colton Parayko Mikhail Sergachev 50 0 3 2
Last Minutes Offensive
Center Left Wing Right Wing Defense Defense
Robert Thomas Elias Pettersson Jake Guentzel Brayden Point Jack Eichel
Last Minutes Defensive
Center Left Wing Right Wing Defense Defense
Elias Lindholm Logan O'Connor Robert Thomas Jake Sanderson Colton Parayko
Goaltenders
Starting : Connor Hellebuyck
Backup : Scott Wedgewood
Extra Forwards
Normal : Brandon Hagel, Mark Stone, Alex Tuch - PP : Brandon Hagel, Dakota Joshua - PK : Robert Thomas
Extra Defensemen
Normal : Jake Sanderson, Mikhail Sergachev, Colton Parayko - PP : Mikhail Sergachev - PK : Jaccob Slavin, Nick Leddy
Penalty Shots
Elias Pettersson, Jack Eichel, Alex Tuch, Robert Thomas, Jake Guentzel
Scratches
Jack Roslovic (Healthy), Adam Pelech (Healthy)
Los Angeles Kings
5 vs 5 Forward
Center Left Wing Right Wing Time % Phy DF OF
1 Logan Cooley Erik Brannstrom Seth Jarvis 30 1 2 2
2 Adam Fantilli Trent Frederic Andrei Svechnikov 30 1 2 2
3 Peyton Krebs Michael Milne Michael Eyssimont 25 1 2 2
4 Cooper Marody Erik Brannstrom Blake Wheeler 15 1 2 2
5 vs 5 Defense
Defense Defense Time % Phy DF OF
1 Noah Dobson K'Andre Miller 35 1 2 2
2 Alexander Romanov Owen Power 35 1 2 2
3 Alexander Alexeyev Blake Wheeler 30 1 2 2
4 Noah Dobson K'Andre Miller 0 1 2 2
PowerPlay Forward
Center Left Wing Right Wing Time % Phy DF OF
1 Logan Cooley Erik Brannstrom Seth Jarvis 50 1 2 2
2 Adam Fantilli Blake Wheeler Andrei Svechnikov 50 1 2 2
PowerPlay Defense
Defense Defense Time % Phy DF OF
1 Noah Dobson K'Andre Miller 50 1 2 2
2 Alexander Romanov Owen Power 50 1 2 2
Penalty Kill 4 Players Forward
Center Wing Time % Phy DF OF
1 Seth Jarvis Andrei Svechnikov 50 1 2 2
2 Erik Brannstrom Logan Cooley 50 1 2 2
Penalty Kill 4 Players Defense
Defense Defense Time % Phy DF OF
1 Noah Dobson K'Andre Miller 50 1 2 2
2 Alexander Romanov Owen Power 50 1 2 2
Penalty Kill - 3 Players Forward
Forward Time % Phy DF OF
1 Seth Jarvis 50 1 2 2
2 Andrei Svechnikov 50 1 2 2
Penalty Kill - 3 Players Defense
Defense Defense Time % Phy DF OF
1 Noah Dobson K'Andre Miller 50 1 2 2
2 Alexander Romanov Owen Power 50 1 2 2
4 vs 4 Forward
Center Wing Time % Phy DF OF
1 Seth Jarvis Andrei Svechnikov 50 1 2 2
2 Erik Brannstrom Logan Cooley 50 1 2 2
4 vs 4 Defense
Defense Defense Time % Phy DF OF
1 Noah Dobson K'Andre Miller 50 1 2 2
2 Alexander Romanov Owen Power 50 1 2 2
Last Minutes Offensive
Center Left Wing Right Wing Defense Defense
Logan Cooley Erik Brannstrom Seth Jarvis Noah Dobson K'Andre Miller
Last Minutes Defensive
Center Left Wing Right Wing Defense Defense
Logan Cooley Erik Brannstrom Seth Jarvis Noah Dobson K'Andre Miller
Goaltenders
Starting : Andrei Vasilevskiy
Backup : Jonas Johansson
Extra Forwards
Normal : Trent Frederic, Ryan Reaves, Seth Jarvis - PP : Trent Frederic, Ryan Reaves - PK : Seth Jarvis
Extra Defensemen
Normal : Noah Dobson, Erik Brannstrom, Alexander Romanov - PP : K'Andre Miller - PK : Erik Brannstrom, Alexander Romanov
Penalty Shots
Seth Jarvis, Andrei Svechnikov, Erik Brannstrom, Logan Cooley, Blake Wheeler
Scratches
Andrei Kuzmenko (Bruised Right Shoulder Injury), Jakub Zboril (Healthy)
% Time on Ice - St.Louis Blues
Lines # - Real PCT - Wanted PCT - Time Play
Normal Forward
1 - 36% - 40% - 19:18
2 - 26% - 31% - 14:17
3 - 22% - 22% - 11:50
4 - 16% - 7% - 8:33
Normal Defense
1 - 41% - 45% - 21:58
2 - 33% - 35% - 17:56
3 - 26% - 20% - 14:04
4 - 0% - 0% - 0:00
PP Forward
1 - 56% - 60% - 2:17
2 - 44% - 40% - 1:46
PP Defense
1 - 65% - 60% - 2:39
2 - 35% - 40% - 1:24
PK Forward
1 - 100% - 50% - 0:05
2 - 0% - 50% - 0:00
PK Defense
1 - 100% - 50% - 0:05
2 - 0% - 50% - 0:00
PK3 Forward
1 - 0% - 50%
2 - 0% - 50%
PK3 Defense
1 - 0% - 50%
2 - 0% - 50%
44 Forward
1 - 37% - 50% - 0:42
2 - 63% - 50% - 1:12
44 Defense
1 - 26% - 50% - 0:30
2 - 74% - 50% - 1:24
Last Minute Offensive - 0:00
Last Minute Defensive - 0:00
Total
Forward - 60:00
Defense - 60:00
|
% Time on Ice - Los Angeles Kings
Lines # - Real PCT - Wanted PCT - Time Play
Normal Forward
1 - 24% - 30% - 13:02
2 - 32% - 30% - 17:28
3 - 28% - 25% - 14:53
4 - 16% - 15% - 8:35
Normal Defense
1 - 35% - 35% - 18:42
2 - 34% - 35% - 18:07
3 - 31% - 30% - 16:38
4 - 1% - 0% - 0:31
PP Forward
1 - 0% - 50% - 0:00
2 - 100% - 50% - 0:05
PP Defense
1 - 100% - 50% - 0:05
2 - 0% - 50% - 0:00
PK Forward
1 - 53% - 50% - 2:08
2 - 47% - 50% - 1:55
PK Defense
1 - 51% - 50% - 2:05
2 - 49% - 50% - 1:58
PK3 Forward
1 - 0% - 50%
2 - 0% - 50%
PK3 Defense
1 - 0% - 50%
2 - 0% - 50%
44 Forward
1 - 54% - 50% - 1:02
2 - 46% - 50% - 0:52
44 Defense
1 - 61% - 50% - 1:10
2 - 39% - 50% - 0:44
Last Minute Offensive - 0:00
Last Minute Defensive - 0:00
Total
Forward - 60:00
Defense - 60:00
|
Play-by-Play
1st period
0:01 of 1st period - Jack Eichel wins face-off versus Logan Cooley in neutral zone.
0:57 of 1st period - Noah Dobson is hit by Alex Tuch.
1:09 of 1st period - Slapshot by Lars Eller.
1:09 of 1st period - Shot Misses the Net.
1:42 of 1st period - Snap shot by Robert Thomas.
1:42 of 1st period - Deflect By Brayden Point.
1:42 of 1st period - Stopped by Andrei Vasilevskiy with a rebound.
3:02 of 1st period - Alexander Romanov is hit by Alex Tuch and loses puck.
4:23 of 1st period - Slapshot by Peyton Krebs.
4:23 of 1st period - Stopped by Connor Hellebuyck without a rebound.
4:24 of 1st period - Adam Fantilli wins face-off versus Elias Pettersson in St.Louis Blues zone.
5:21 of 1st period - Snap shot by Dakota Joshua.
5:21 of 1st period - Stopped by Andrei Vasilevskiy with a rebound.
5:23 of 1st period - Snap shot by Dakota Joshua.
5:23 of 1st period - Shot Blocked by Alexander Alexeyev.
6:04 of 1st period - Andrei Svechnikov is hit by Logan O'Connor.
6:14 of 1st period - Noah Dobson is hit by Jaccob Slavin and loses puck.
6:35 of 1st period - Seth Jarvis is hit by Dakota Joshua and loses puck.
7:22 of 1st period - Andrei Svechnikov is hit by Jack Eichel and loses puck.
7:31 of 1st period - Colton Parayko is hit by Cooper Marody and loses puck.
8:03 of 1st period - Cooper Marody is hit by Brandon Hagel and loses puck.
15:40 of 1st period - Wrist shot by Dakota Joshua.
15:40 of 1st period - Shot Misses the Net.
16:47 of 1st period - Michael Eyssimont is hit by Dakota Joshua and loses puck.
17:10 of 1st period - Slapshot by Mark Stone.
17:10 of 1st period - Shot Misses the Net.
17:12 of 1st period - Slapshot by Alex Pietrangelo.
17:12 of 1st period - Stopped by Andrei Vasilevskiy without a rebound.
17:13 of 1st period - Adam Fantilli wins face-off versus Elias Lindholm in Los Angeles Kings zone.
17:18 of 1st period - Slapshot by Blake Wheeler.
17:18 of 1st period - Deflect By Adam Fantilli.
17:18 of 1st period - Shot Misses the Net.
17:18 of 1st period - Puck is out of play.
17:19 of 1st period - Jack Eichel wins face-off versus Adam Fantilli in St.Louis Blues zone.
18:05 of 1st period - Erik Brannstrom is hit by Elias Lindholm and loses puck.
18:50 of 1st period - Wrist shot by Michael Eyssimont.
18:50 of 1st period - Deflect By Peyton Krebs.
18:50 of 1st period - Shot Misses the Net.
18:50 of 1st period - Puck is out of play.
18:51 of 1st period - Peyton Krebs wins face-off versus Robert Thomas in St.Louis Blues zone.
19:20 of 1st period - Wrist shot by Adam Fantilli.
19:20 of 1st period - Shot Misses the Net.
19:49 of 1st period - Snap shot by Jack Eichel.
19:49 of 1st period - Stopped by Andrei Vasilevskiy with a rebound.
Goals for this period are 0 for St.Louis Blues vs 0 for Los Angeles Kings.
Shots for this period are 4 for St.Louis Blues vs 1 for Los Angeles Kings.
2nd period
0:01 of 2nd period - Logan Cooley wins face-off versus Jack Eichel in neutral zone.
0:47 of 2nd period - Slapshot by Peyton Krebs.
0:47 of 2nd period - Shot Misses the Net.
0:49 of 2nd period - Slapshot by Blake Wheeler.
0:49 of 2nd period - Stopped by Connor Hellebuyck without a rebound.
0:50 of 2nd period - Peyton Krebs wins face-off versus Elias Lindholm in St.Louis Blues zone.
0:51 of 2nd period - Slapshot by Noah Dobson.
0:51 of 2nd period - Stopped by Connor Hellebuyck with a rebound.
0:55 of 2nd period - Backhand shot by Peyton Krebs.
0:55 of 2nd period - Shot Blocked by Alex Pietrangelo.
0:57 of 2nd period - Snap shot by Peyton Krebs.
0:57 of 2nd period - Shot Blocked by Mark Stone.
0:59 of 2nd period - Slapshot by Michael Milne.
0:59 of 2nd period - Stopped by Connor Hellebuyck with a rebound.
1:01 of 2nd period - Slapshot by K'Andre Miller.
1:01 of 2nd period - Stopped by Connor Hellebuyck with a rebound.
1:03 of 2nd period - Slapshot by K'Andre Miller.
1:03 of 2nd period - Stopped by Connor Hellebuyck with a rebound.
1:05 of 2nd period - Snap shot by Michael Milne.
1:05 of 2nd period - Shot Blocked by Mark Stone.
1:15 of 2nd period - Logan Cooley is hit by Colton Parayko and loses puck.
1:24 of 2nd period - Wrist shot by Jake Guentzel.
1:24 of 2nd period - Stopped by Andrei Vasilevskiy with a rebound.
1:36 of 2nd period - Snap shot by Jake Sanderson.
1:36 of 2nd period - Stopped by Andrei Vasilevskiy with a rebound.
1:38 of 2nd period - Wrist shot by Jake Sanderson.
1:38 of 2nd period - Shot Misses the Net.
1:40 of 2nd period - Snap shot by Brandon Hagel.
1:40 of 2nd period - Shot Blocked by Owen Power.
1:42 of 2nd period - Slapshot by Mikhail Sergachev.
1:42 of 2nd period - Deflect By Adam Fantilli.
1:42 of 2nd period - Stopped by Andrei Vasilevskiy with a rebound.
1:46 of 2nd period - Wrist shot by Robert Thomas.
1:46 of 2nd period - Shot Misses the Net.
1:48 of 2nd period - Snap shot by Brayden Point.
1:48 of 2nd period - Shot Blocked by Andrei Svechnikov.
2:04 of 2nd period - Peyton Krebs is hit by Mikhail Sergachev and loses puck.
2:29 of 2nd period - Slapshot by Logan O'Connor.
2:29 of 2nd period - Shot Blocked by Seth Jarvis.
2:31 of 2nd period - Snap shot by Logan O'Connor.
2:31 of 2nd period - Stopped by Andrei Vasilevskiy without a rebound.
2:32 of 2nd period - Adam Fantilli wins face-off versus Jack Eichel in Los Angeles Kings zone.
3:25 of 2nd period - Snap shot by Brandon Hagel.
3:25 of 2nd period - Stopped by Andrei Vasilevskiy with a rebound.
3:27 of 2nd period - Backhand shot by Brayden Point.
3:27 of 2nd period - Stopped by Andrei Vasilevskiy without a rebound.
3:28 of 2nd period - Robert Thomas wins face-off versus Erik Brannstrom in Los Angeles Kings zone.
3:51 of 2nd period - Minor Penalty to Cooper Marody for Holding.
3:52 of 2nd period - Seth Jarvis wins face-off versus Robert Thomas in Los Angeles Kings zone.
4:25 of 2nd period - Snap shot by Andrei Svechnikov.
4:25 of 2nd period - Shot Misses the Net.
5:51 of 2nd period - Penalty to Cooper Marody is over, Cooper Marody is back on ice.
5:55 of 2nd period - Logan Cooley is hit by Mikhail Sergachev and loses puck.
6:18 of 2nd period - Snap shot by Logan Cooley.
6:18 of 2nd period - Shot Blocked by Logan O'Connor.
6:24 of 2nd period - Cooper Marody is hit by Dakota Joshua and loses puck.
7:03 of 2nd period - Wrist shot by Jake Sanderson.
7:03 of 2nd period - Shot Misses the Net.
7:05 of 2nd period - Snap shot by Jake Sanderson.
7:05 of 2nd period - Shot Hit the Post.
7:07 of 2nd period - Slapshot by Colton Parayko.
7:07 of 2nd period - Shot Blocked by Erik Brannstrom.
7:09 of 2nd period - Slapshot by Colton Parayko.
7:09 of 2nd period - Stopped by Andrei Vasilevskiy with a rebound.
7:11 of 2nd period - Wrist shot by Logan O'Connor.
7:11 of 2nd period - Stopped by Andrei Vasilevskiy with a rebound.
7:23 of 2nd period - Wrist shot by Jake Sanderson.
7:23 of 2nd period - Stopped by Andrei Vasilevskiy without a rebound.
7:24 of 2nd period - Robert Thomas wins face-off versus Peyton Krebs in Los Angeles Kings zone.
7:35 of 2nd period - Snap shot by Robert Thomas.
7:35 of 2nd period - Shot Misses the Net.
7:40 of 2nd period - Off-side.
7:41 of 2nd period - Adam Fantilli wins face-off versus Jack Eichel in neutral zone.
9:34 of 2nd period - Peyton Krebs is hit by Nick Leddy.
12:04 of 2nd period - Nick Leddy is hit by Alexander Alexeyev and loses puck.
12:31 of 2nd period - Wrist shot by Jack Eichel.
12:31 of 2nd period - Stopped by Andrei Vasilevskiy without a rebound.
12:32 of 2nd period - Adam Fantilli wins face-off versus Mark Stone in Los Angeles Kings zone.
12:55 of 2nd period - Snap shot by Jack Eichel.
12:55 of 2nd period - Shot Misses the Net.
13:15 of 2nd period - Slapshot by Mark Stone.
13:15 of 2nd period - Stopped by Andrei Vasilevskiy with a rebound.
13:31 of 2nd period - Seth Jarvis is hit by Brayden Point and loses puck.
13:48 of 2nd period - Dakota Joshua is hit by Adam Fantilli and loses puck.
13:53 of 2nd period - Slapshot by Andrei Svechnikov.
13:53 of 2nd period - Shot Hit the Post.
13:55 of 2nd period - Wrist shot by Andrei Svechnikov.
13:55 of 2nd period - Stopped by Connor Hellebuyck with a rebound.
14:45 of 2nd period - Slapshot by Brayden Point.
14:45 of 2nd period - Shot Misses the Net.
14:47 of 2nd period - Snap shot by Jaccob Slavin.
14:47 of 2nd period - Shot Blocked by Owen Power.
14:49 of 2nd period - Backhand shot by Jake Sanderson.
14:49 of 2nd period - Stopped by Andrei Vasilevskiy with a rebound.
14:51 of 2nd period - Snap shot by Brandon Hagel.
14:51 of 2nd period - Shot Misses the Net.
15:27 of 2nd period - Snap shot by Jack Eichel.
15:27 of 2nd period - Goal by Jack Eichel - St.Louis Blues : 1 - Los Angeles Kings : 0.
15:28 of 2nd period - Trent Frederic wins face-off versus Jack Eichel in neutral zone.
15:43 of 2nd period - Slapshot by Jake Guentzel.
15:43 of 2nd period - Shot Misses the Net.
15:45 of 2nd period - Backhand shot by Alex Pietrangelo.
15:45 of 2nd period - Deflect By Elias Pettersson.
15:45 of 2nd period - Stopped by Andrei Vasilevskiy with a rebound.
16:06 of 2nd period - Off-side.
16:07 of 2nd period - Peyton Krebs wins face-off versus Jack Eichel in neutral zone.
16:10 of 2nd period - Slapshot by Noah Dobson.
16:10 of 2nd period - Shot Blocked by Jake Sanderson.
16:12 of 2nd period - Backhand shot by Peyton Krebs.
16:12 of 2nd period - Goal by Peyton Krebs - St.Louis Blues : 1 - Los Angeles Kings : 1.
16:13 of 2nd period - Logan Cooley wins face-off versus Jack Eichel in neutral zone.
16:16 of 2nd period - Jack Eichel is hit by Logan Cooley.
16:45 of 2nd period - Slapshot by Robert Thomas.
16:45 of 2nd period - Stopped by Andrei Vasilevskiy without a rebound.
16:46 of 2nd period - Robert Thomas wins face-off versus Andrei Svechnikov in Los Angeles Kings zone.
16:54 of 2nd period - Off-side.
16:55 of 2nd period - Robert Thomas wins face-off versus Adam Fantilli in neutral zone.
17:04 of 2nd period - Snap shot by Brayden Point.
17:04 of 2nd period - Shot Misses the Net.
17:26 of 2nd period - Wrist shot by Robert Thomas.
17:26 of 2nd period - Shot Misses the Net.
17:28 of 2nd period - Wrist shot by Robert Thomas.
17:28 of 2nd period - Stopped by Andrei Vasilevskiy with a rebound.
17:46 of 2nd period - Wrist shot by Brayden Point.
17:46 of 2nd period - Stopped by Andrei Vasilevskiy with a rebound.
17:48 of 2nd period - Wrist shot by Brandon Hagel.
17:48 of 2nd period - Shot Misses the Net.
17:50 of 2nd period - Slapshot by Jake Sanderson.
17:50 of 2nd period - Shot Blocked by Noah Dobson.
17:58 of 2nd period - Snap shot by Robert Thomas.
17:58 of 2nd period - Stopped by Andrei Vasilevskiy without a rebound.
17:59 of 2nd period - Jack Eichel wins face-off versus Logan Cooley in Los Angeles Kings zone.
18:12 of 2nd period - Snap shot by Jake Guentzel.
18:12 of 2nd period - Goal by Jake Guentzel - St.Louis Blues : 2 - Los Angeles Kings : 1.
18:13 of 2nd period - Logan Cooley wins face-off versus Jack Eichel in neutral zone.
18:15 of 2nd period - Minor Penalty to Blake Wheeler for Holding.
18:16 of 2nd period - Robert Thomas wins face-off versus Seth Jarvis in Los Angeles Kings zone.
18:54 of 2nd period - Snap shot by Mark Stone.
18:54 of 2nd period - Shot Blocked by K'Andre Miller.
Goals for this period are 2 for St.Louis Blues vs 1 for Los Angeles Kings.
Shots for this period are 19 for St.Louis Blues vs 7 for Los Angeles Kings.
3rd period
0:01 of 3rd period - Robert Thomas wins face-off versus Seth Jarvis in neutral zone.
0:08 of 3rd period - Wrist shot by Brayden Point.
0:08 of 3rd period - Stopped by Andrei Vasilevskiy with a rebound.
0:15 of 3rd period - Penalty to Blake Wheeler is over, Blake Wheeler is back on ice.
0:45 of 3rd period - K'Andre Miller is hit by Dakota Joshua and loses puck.
1:17 of 3rd period - Noah Dobson is hit by Colton Parayko and loses puck.
1:22 of 3rd period - Wrist shot by Robert Thomas.
1:22 of 3rd period - Deflect By Brayden Point.
1:22 of 3rd period - Shot Blocked by K'Andre Miller.
1:22 of 3rd period - Puck is out of play.
1:23 of 3rd period - Adam Fantilli wins face-off versus Brandon Hagel in Los Angeles Kings zone.
1:23 of 3rd period - Adam Fantilli is hit by Jaccob Slavin.
1:31 of 3rd period - Wrist shot by Adam Fantilli.
1:31 of 3rd period - Shot Misses the Net.
1:33 of 3rd period - Snap shot by Andrei Svechnikov.
1:33 of 3rd period - Deflect By Adam Fantilli.
1:33 of 3rd period - Shot Misses the Net.
1:33 of 3rd period - Puck is out of play.
1:34 of 3rd period - Logan Cooley wins face-off versus Jack Eichel in St.Louis Blues zone.
1:41 of 3rd period - Snap shot by Seth Jarvis.
1:41 of 3rd period - Stopped by Connor Hellebuyck with a rebound.
1:43 of 3rd period - Wrist shot by Erik Brannstrom.
1:43 of 3rd period - Stopped by Connor Hellebuyck without a rebound.
1:44 of 3rd period - Jack Eichel wins face-off versus Logan Cooley in St.Louis Blues zone.
2:15 of 3rd period - Slapshot by Logan Cooley.
2:15 of 3rd period - Deflect By Erik Brannstrom.
2:15 of 3rd period - Shot Blocked by Alex Pietrangelo.
2:15 of 3rd period - Puck is out of play.
2:16 of 3rd period - Peyton Krebs wins face-off versus Robert Thomas in St.Louis Blues zone.
2:17 of 3rd period - Snap shot by Michael Eyssimont.
2:17 of 3rd period - Deflect By Brandon Hagel.
2:17 of 3rd period - Shot Misses the Net.
2:17 of 3rd period - Puck is out of play.
2:18 of 3rd period - Peyton Krebs wins face-off versus Robert Thomas in St.Louis Blues zone.
2:19 of 3rd period - Slapshot by Michael Eyssimont.
2:19 of 3rd period - Stopped by Connor Hellebuyck with a rebound.
2:21 of 3rd period - Snap shot by Michael Milne.
2:21 of 3rd period - Stopped by Connor Hellebuyck without a rebound.
2:22 of 3rd period - Robert Thomas wins face-off versus Peyton Krebs in St.Louis Blues zone.
2:57 of 3rd period - Wrist shot by Elias Pettersson.
2:57 of 3rd period - Stopped by Andrei Vasilevskiy without a rebound.
2:58 of 3rd period - Jack Eichel wins face-off versus Logan Cooley in Los Angeles Kings zone.
3:01 of 3rd period - Wrist shot by Jack Eichel.
3:01 of 3rd period - Shot Blocked by Blake Wheeler.
3:03 of 3rd period - Snap shot by Jake Guentzel.
3:03 of 3rd period - Stopped by Andrei Vasilevskiy with a rebound.
3:09 of 3rd period - Wrist shot by Elias Pettersson.
3:09 of 3rd period - Shot Misses the Net.
3:13 of 3rd period - Wrist shot by Jack Eichel.
3:13 of 3rd period - Stopped by Andrei Vasilevskiy without a rebound.
3:14 of 3rd period - Robert Thomas wins face-off versus Cooper Marody in Los Angeles Kings zone.
3:31 of 3rd period - Backhand shot by Brayden Point.
3:31 of 3rd period - Shot Misses the Net.
4:06 of 3rd period - Wrist shot by Alex Tuch.
4:06 of 3rd period - Shot Misses the Net.
4:08 of 3rd period - Slapshot by Jaccob Slavin.
4:08 of 3rd period - Shot Misses the Net.
4:10 of 3rd period - Slapshot by Jaccob Slavin.
4:10 of 3rd period - Shot Misses the Net.
4:12 of 3rd period - Slapshot by Jaccob Slavin.
4:12 of 3rd period - Shot Blocked by K'Andre Miller.
4:31 of 3rd period - Slapshot by Seth Jarvis.
4:31 of 3rd period - Shot Blocked by Jake Sanderson.
4:33 of 3rd period - Snap shot by Erik Brannstrom.
4:33 of 3rd period - Deflect By Jake Sanderson.
4:33 of 3rd period - Shot Misses the Net.
4:33 of 3rd period - Puck is out of play.
4:34 of 3rd period - Jack Eichel wins face-off versus Peyton Krebs in St.Louis Blues zone.
4:50 of 3rd period - Snap shot by Michael Eyssimont.
4:50 of 3rd period - Shot Misses the Net.
5:27 of 3rd period - Elias Lindholm is hit by Adam Fantilli and loses puck.
6:29 of 3rd period - Andrei Svechnikov is hit by Robert Thomas and loses puck.
7:10 of 3rd period - Blake Wheeler is hit by Jaccob Slavin and loses puck.
7:55 of 3rd period - K'Andre Miller is hit by Robert Thomas and loses puck.
8:08 of 3rd period - Jaccob Slavin is hit by Alexander Alexeyev and loses puck.
8:19 of 3rd period - Wrist shot by Elias Lindholm.
8:19 of 3rd period - Stopped by Andrei Vasilevskiy with a rebound.
8:56 of 3rd period - Seth Jarvis is hit by Colton Parayko and loses puck.
9:12 of 3rd period - Mark Stone is hit by Ryan Reaves and loses puck.
9:26 of 3rd period - Logan Cooley is hit by Alex Tuch.
10:10 of 3rd period - Wrist shot by Alex Tuch.
10:10 of 3rd period - Shot Misses the Net.
10:12 of 3rd period - Snap shot by Jake Sanderson.
10:12 of 3rd period - Shot Misses the Net.
10:14 of 3rd period - Slapshot by Alex Pietrangelo.
10:14 of 3rd period - Shot Blocked by Owen Power.
10:16 of 3rd period - Snap shot by Alex Tuch.
10:16 of 3rd period - Deflect By Elias Lindholm.
10:16 of 3rd period - Stopped by Andrei Vasilevskiy with a rebound.
10:18 of 3rd period - Snap shot by Mark Stone.
10:18 of 3rd period - Deflect By Elias Lindholm.
10:18 of 3rd period - Shot Misses the Net.
10:18 of 3rd period - Puck is out of play.
10:19 of 3rd period - Peyton Krebs wins face-off versus Jack Eichel in Los Angeles Kings zone.
10:28 of 3rd period - Snap shot by Peyton Krebs.
10:28 of 3rd period - Shot Blocked by Alex Pietrangelo.
10:30 of 3rd period - Snap shot by Michael Eyssimont.
10:30 of 3rd period - Shot Blocked by Alex Pietrangelo.
10:34 of 3rd period - Slapshot by Noah Dobson.
10:34 of 3rd period - Stopped by Connor Hellebuyck with a rebound.
11:15 of 3rd period - Icing by Jake Sanderson.
11:16 of 3rd period - Peyton Krebs wins face-off versus Lars Eller in St.Louis Blues zone.
11:21 of 3rd period - Snap shot by Michael Eyssimont.
11:21 of 3rd period - Stopped by Connor Hellebuyck with a rebound.
11:23 of 3rd period - Slapshot by Peyton Krebs.
11:23 of 3rd period - Stopped by Connor Hellebuyck with a rebound.
11:25 of 3rd period - Snap shot by Michael Milne.
11:25 of 3rd period - Shot Misses the Net.
11:27 of 3rd period - Slapshot by Peyton Krebs.
11:27 of 3rd period - Stopped by Connor Hellebuyck without a rebound.
11:28 of 3rd period - Peyton Krebs wins face-off versus Jack Eichel in St.Louis Blues zone.
11:39 of 3rd period - Snap shot by Peyton Krebs.
11:39 of 3rd period - Stopped by Connor Hellebuyck with a rebound.
13:05 of 3rd period - Icing by Mikhail Sergachev.
13:06 of 3rd period - Logan O'Connor wins face-off versus Peyton Krebs in St.Louis Blues zone.
13:06 of 3rd period - Logan O'Connor is hit by Peyton Krebs.
13:32 of 3rd period - Logan O'Connor is hit by Noah Dobson and loses puck.
13:49 of 3rd period - Slapshot by Lars Eller.
13:49 of 3rd period - Shot Blocked by Trent Frederic.
14:06 of 3rd period - Snap shot by Dakota Joshua.
14:06 of 3rd period - Stopped by Andrei Vasilevskiy with a rebound.
14:08 of 3rd period - Wrist shot by Dakota Joshua.
14:08 of 3rd period - Stopped by Andrei Vasilevskiy without a rebound.
14:09 of 3rd period - Jack Eichel wins face-off versus Logan Cooley in Los Angeles Kings zone.
14:10 of 3rd period - Wrist shot by Elias Pettersson.
14:10 of 3rd period - Shot Misses the Net.
14:12 of 3rd period - Snap shot by Alex Pietrangelo.
14:12 of 3rd period - Shot Misses the Net.
14:58 of 3rd period - Michael Eyssimont is hit by Robert Thomas and loses puck.
15:15 of 3rd period - Wrist shot by Robert Thomas.
15:15 of 3rd period - Deflect By Brandon Hagel.
15:15 of 3rd period - Shot Misses the Net.
15:15 of 3rd period - Puck is out of play.
15:16 of 3rd period - Cooper Marody wins face-off versus Jack Eichel in Los Angeles Kings zone.
15:25 of 3rd period - Snap shot by Erik Brannstrom.
15:25 of 3rd period - Stopped by Connor Hellebuyck without a rebound.
15:26 of 3rd period - Cooper Marody wins face-off versus Jack Eichel in St.Louis Blues zone.
15:29 of 3rd period - Wrist shot by Erik Brannstrom.
15:29 of 3rd period - Shot Blocked by Colton Parayko.
16:36 of 3rd period - Snap shot by Jake Guentzel.
16:36 of 3rd period - Shot Blocked by Blake Wheeler.
16:38 of 3rd period - Slapshot by Jake Guentzel.
16:38 of 3rd period - Stopped by Andrei Vasilevskiy with a rebound.
16:40 of 3rd period - Wrist shot by Jake Guentzel.
16:40 of 3rd period - Shot Misses the Net.
16:42 of 3rd period - Backhand shot by Jake Sanderson.
16:42 of 3rd period - Shot Misses the Net.
16:50 of 3rd period - Wrist shot by Jake Guentzel.
16:50 of 3rd period - Shot Misses the Net.
17:10 of 3rd period - Wrist shot by Jake Guentzel.
17:10 of 3rd period - Stopped by Andrei Vasilevskiy with a rebound.
17:12 of 3rd period - Backhand shot by Jack Eichel.
17:12 of 3rd period - Stopped by Andrei Vasilevskiy with a rebound.
17:14 of 3rd period - Snap shot by Jaccob Slavin.
17:14 of 3rd period - Stopped by Andrei Vasilevskiy with a rebound.
17:16 of 3rd period - Slapshot by Jake Sanderson.
17:16 of 3rd period - Shot Misses the Net.
17:18 of 3rd period - Slapshot by Jaccob Slavin.
17:18 of 3rd period - Shot Misses the Net.
17:20 of 3rd period - Slapshot by Jaccob Slavin.
17:20 of 3rd period - Deflect By Blake Wheeler.
17:20 of 3rd period - Stopped by Andrei Vasilevskiy with a rebound.
17:22 of 3rd period - Wrist shot by Jack Eichel.
17:22 of 3rd period - Stopped by Andrei Vasilevskiy with a rebound.
17:24 of 3rd period - Snap shot by Jake Guentzel.
17:24 of 3rd period - Stopped by Andrei Vasilevskiy without a rebound.
17:25 of 3rd period - Michael Eyssimont wins face-off versus Elias Lindholm in Los Angeles Kings zone.
17:27 of 3rd period - Minor Penalty to Michael Eyssimont for High sticking.
17:28 of 3rd period - Seth Jarvis wins face-off versus Elias Lindholm in Los Angeles Kings zone.
17:32 of 3rd period - Minor Penalty to Brandon Hagel for Roughing.
17:33 of 3rd period - Robert Thomas wins face-off versus Seth Jarvis in St.Louis Blues zone.
17:38 of 3rd period - Snap shot by Brayden Point.
17:38 of 3rd period - Stopped by Andrei Vasilevskiy with a rebound.
17:40 of 3rd period - Snap shot by Robert Thomas.
17:40 of 3rd period - Shot Misses the Net.
17:42 of 3rd period - Slapshot by Mikhail Sergachev.
17:42 of 3rd period - Stopped by Andrei Vasilevskiy with a rebound.
17:44 of 3rd period - Snap shot by Brayden Point.
17:44 of 3rd period - Shot Blocked by Seth Jarvis.
17:46 of 3rd period - Slapshot by Mikhail Sergachev.
17:46 of 3rd period - Stopped by Andrei Vasilevskiy with a rebound.
18:20 of 3rd period - Off-side.
18:21 of 3rd period - Seth Jarvis wins face-off versus Jack Eichel in neutral zone.
19:27 of 3rd period - Penalty to Michael Eyssimont is over, Michael Eyssimont is back on ice.
19:28 of 3rd period - Michael Eyssimont is hit by Jake Guentzel and loses puck.
19:32 of 3rd period - Penalty to Brandon Hagel is over, Brandon Hagel is back on ice.
19:39 of 3rd period - Alex Pietrangelo is hit by Michael Eyssimont and loses puck.
19:56 of 3rd period - Snap shot by Jack Eichel.
19:56 of 3rd period - Shot Misses the Net.
19:58 of 3rd period - Wrist shot by Jack Eichel.
19:58 of 3rd period - Shot Blocked by Noah Dobson.
Goals for this period are 0 for St.Louis Blues vs 0 for Los Angeles Kings.
Shots for this period are 18 for St.Louis Blues vs 10 for Los Angeles Kings.
Back to the Top